Map: Abyssal Reef LE

Players

herO

  • Race: Protoss Protoss
  • Spawn Location: 11:00

Rogue - Winner!

  • Race: Zerg Zerg
  • Spawn Location: 5:00

Event: 2017 WCS Global Finals

VOD

Have the link to the VOD?

Description

Time

  • Played on: Nov. 3, 2017, 6:28 p.m.
  • Length: 9:21

All games in this series

Show
View Real Time Build Order
Export as new Build Order

herO Protoss 

Build Orders: 1 Gate Expand, Zealot Archon 

Get SALT Encoding   

  12  0:01  Probe (Chrono Boost)  
  13  0:11  Probe (Chrono Boost)  
  14  0:18  Pylon  
  14  0:22  Probe (Chrono Boost)  
  15  0:32  Assimilator  
  15  0:36  Probe (Chrono Boost)  
  16  0:43  Gateway  
  16  0:46  Probe (Chrono Boost)  
  18  0:57  Probe (Chrono Boost)  
  18  1:07  Probe (Chrono Boost)  
  19  1:20  Nexus  
  19  1:23  Probe (Chrono Boost)  
  20  1:33  Cybernetics Core  
  20  1:36  Probe (Chrono Boost)  
  21  1:42  Assimilator  
  21  1:46  Probe (Chrono Boost)  
  22  1:50  Pylon  
  23  2:01  Pylon  
  21  2:09  Mothership Core (Chrono Boost)  
  25  2:28  Probe (Chrono Boost)  
  24  2:41  Pylon  
  22  3:00  Nexus  
  22  3:07  Pylon  
  22  3:10  Probe (Chrono Boost)  
  23  3:15  Assimilator  
  23  3:26  Probe (Chrono Boost)  
  24  3:36  Probe (Chrono Boost)  
  24  3:38  Stargate  
  24  3:39  Zealot  
  27  3:47  Probe (Chrono Boost)  
  28  3:54  Warp Gate  
  28  3:57  Probe (Chrono Boost)  
  29  4:05  Pylon  
  29  4:10  Probe (Chrono Boost)  
  29  4:12  Probe (Chrono Boost)  
  30  4:22  Void Ray (Chrono Boost), Probe  
  35  4:24  Probe  
  36  4:34  Probe x2  
  38  4:45  Probe  
  38  4:47  Probe  
  38  4:52  Pylon  
  40  4:53  Assimilator  
  40  4:55  Probe  
  40  4:59  Oracle (Chrono Boost), Probe  
  45  5:04  Pylon  
  45  5:06  Probe  
  45  5:11  Probe  
  47  5:16  Assimilator  
  47  5:17  Probe  
  48  5:23  Probe (Chrono Boost)  
  49  5:28  Twilight Council  
  49  5:29  Probe (Chrono Boost), Robotics Facility  
  49  5:35  Probe (Chrono Boost)  
  51  5:42  Probe (Chrono Boost)  
  52  5:45  Probe (Chrono Boost)  
  53  5:52  Gateway  
  53  5:53  Gateway x2  
  53  5:55  Probe (Chrono Boost)  
  53  5:56  Probe (Chrono Boost)  
  55  6:02  Pylon  
  55  6:07  Probe x2 (Chrono Boost)  
  57  6:12  Templar Archives  
  57  6:16  Warp Prism (Chrono Boost)  
  59  6:22  Zealot  
  61  6:38  Nexus  
  61  6:41  Pylon  
  61  6:42  Probe  
  63  6:48  Pylon  
  63  6:50  High Templar x2  
  63  6:51  High Templar  
  63  6:53  High Templar  
  70  6:59  Forge, Probe x2 (Chrono Boost)  
  70  7:00  Gateway  
  72  7:06  Pylon  
  72  7:10  Probe x2 (Chrono Boost)  
  74  7:20  Nexus  
  74  7:21  Probe x2 (Chrono Boost)  
  76  7:24  Archon  
  76  7:25  Archon, Adept x4  
  85  7:30  Observer  
  85  7:34  Probe x2 (Chrono Boost)  
  87  7:46  Probe x2 (Chrono Boost)  
  87  7:51  Immortal (Chrono Boost)  
  87  7:54  Assimilator  
  87  7:57  Assimilator  
  87  7:58  Probe x2  
  84  8:04  High Templar x2  
  88  8:11  Photon Cannon, Gateway, Probe x2  
  90  8:16  Adept  
  90  8:17  Adept  
  94  8:20  Pylon  
  94  8:23  Archon  
  94  8:29  Pylon  
  94  8:30  Pylon  
  94  8:32  Probe  
  94  8:33  Immortal (Chrono Boost)  
  99  8:40  Adept  
  99  8:41  Adept  
  100  8:45  Adept  
  100  8:46  Adept x2  
  64  9:05  Adept x3  
  64  9:06  Adept x2  
  75  9:16  Pylon  
Show
View Real Time Build Order
Export as new Build Order

Rogue Zerg - Winner!

Build Orders: Pool First 

Get SALT Encoding   

  12  0:18  Spawning Pool  
  11  0:21  Drone  
  11  0:26  Drone  
  13  0:31  Drone  
  14  0:40  Overlord  
  14  1:05  Zergling x6  
  17  1:16  Zergling x2  
  18  1:20  Hatchery  
  17  1:27  Zergling x2  
  18  1:34  Queen  
  18  1:39  Zergling x2  
  21  1:49  Overlord  
  21  1:50  Extractor  
  20  1:59  Drone  
  21  2:10  Queen  
  21  2:11  Drone  
  24  2:22  Drone  
  25  2:33  Drone  
  25  2:34  Drone  
  23  2:44  Drone  
  23  2:45  Drone  
  23  2:50  Drone x3  
  28  2:57  Drone x2  
  30  3:01  Metabolic Boost  
  30  3:08  Drone  
  30  3:10  Drone  
  32  3:15  Overlord  
  32  3:23  Drone x2  
  32  3:24  Drone  
  35  3:36  Hatchery  
  34  3:41  Zergling x4  
  34  3:43  Drone  
  34  3:44  Drone x2  
  34  3:48  Drone  
  40  3:56  Drone x3  
  40  4:00  Spore Crawler  
  42  4:06  Overlord  
  42  4:09  Overlord  
  43  4:23  Queen  
  45  4:25  Drone x5  
  45  4:29  Queen  
  52  4:32  Drone  
  52  4:33  Drone x5  
  52  4:36  Spore Crawler  
  57  4:39  Spore Crawler  
  57  4:42  Evolution Chamber  
  57  4:45  Overlord  
  54  4:49  Drone x2  
  54  4:57  Zergling x2  
  54  4:58  Zergling x4  
  57  5:04  Queen  
  57  5:05  Drone x5  
  64  5:10  Baneling Nest  
  64  5:13  Lair  
  63  5:21  Drone x6  
  64  5:24  Extractor  
  64  5:26  Extractor x2  
  64  5:28  Spore Crawler  
  65  5:29  Overlord  
  65  5:33  Overlord, Drone  
  66  5:37  Overlord  
  66  5:44  Overlord  
  66  5:51  Zergling x14  
  66  5:52  Zergling x2  
  66  5:54  Extractor  
  66  5:56  Zerg Missile Weapons Level 1  
  73  5:58  Drone x2  
  73  6:01  Drone  
  76  6:08  Drone x4  
  80  6:12  Hydralisk Den, Overseer  
  80  6:13  Overlord  
  80  6:17  Drone x4  
  80  6:18  Overlord  
  83  6:23  Overlord  
  83  6:28  Drone  
  83  6:38  Overlord  
  83  6:43  Muscular Augments, Hydralisk x5  
  93  6:48  Hydralisk x2  
  97  6:56  Hydralisk x4  
  97  6:59  Zergling x2  
  106  7:02  Hydralisk x2  
  106  7:05  Overlord  
  110  7:10  Hydralisk x2  
  110  7:13  Hydralisk  
  115  7:18  Drone  
  115  7:19  Spine Crawler  
  115  7:20  Hydralisk x2  
  112  7:27  Hydralisk x2  
  116  7:30  Extractor  
  116  7:31  Zergling x10  
  120  7:43  Drone  
  120  7:44  Drone x4  
  123  7:47  Drone  
  123  7:53  Hydralisk x3  
  123  7:54  Overlord  
  129  7:58  Overlord  
  129  8:07  Hatchery  
  129  8:08  Drone  
  129  8:17  Zergling x14  
  136  8:22  Zergling x2  
  136  8:23  Overlord  
  136  8:26  Baneling x7  
  136  8:27  Baneling x6  
  137  8:29  Overseer  
  131  8:43  Zergling x18  
  140  8:52  Zergling x10  
  128  9:03  Hatchery  
Tags
 
Add a new tag
Caveats
  • Supply blocks, unpowered buildings, or Contaminate may cause inaccurate times.
  • Supply counts are checked every 10 seconds.